Unix NetHack Version 5.0.0-0 post-release - last build Jun 10 2026 00:39:30 (3ee93aec679c4c4259841fe613dc97188e26a321,branch:main).

Game began 2026-06-26 19:50:43, ended 2026-06-26 22:11:48.

IanCurtis, chaotic male elven Wizard

                                           --------.-----
                                           |..........(.|
                                           |........@d..-
                                          #........ss...|
                                          #|.....+.......
                                         ##---------.----
                                         #
                                         #
                                         #
                                         #
                                 --#---- #
                                 |.....|[#
                                 |.....-#
                                 ......|
                                 -------

IanCurtis the Thaumaturge  St:11 Dx:13 Co:16 In:18 Wi:10 Ch:10  Chaotic
Dlvl:9  $:331 HP:0(52) Pw:36(58) AC:8  Xp:6 T:2824 

Latest messages:
 The plains centaur misses the large dog.
 In what direction? u
 The spell hits the plains centaur!
 You kill the plains centaur!
 Your large dog eats a plains centaur corpse.
 You swap places with your large dog.
 There are many objects here.
 The large dog picks up an iron skull cap.
 The large dog drops an iron skull cap.
 You hear crashing rock.
 You hear crashing rock.
 You are in full health.
 You have a little trouble lifting 6 potions of healing.  Continue? [ynq] (q) y
 You have a little trouble lifting G - 6 potions of healing.
 s - 7 potions of healing.
 Your movements are slowed slightly because of your load.
 You climb up the stairs.
 The giant spider bites!
 The giant spider bites!
 The giant spider bites!
 You fall down the stairs.
 What do you want to drop? [$a-ce-prsu-zABE-IK-N or ?*] ?
 You drop 7 potions of healing.
 What do you want to drop? [$a-ce-pru-zABE-IK-N or ?*] G
 You drop 6 potions of healing.
 Your movements are now unencumbered.
 The large dog picks up an iron skull cap.
 You hear crashing rock.
 The large dog drops an iron skull cap.
 You feel an unexpected draft.
 The large dog picks up an iron skull cap.
 You hear crashing rock.
 The large dog drops an iron skull cap.
 You hear crashing rock.
 You are in full health.
 You climb up the stairs.
 The giant spider bites!
 The giant spider bites!
 The giant spider bites!
 The giant spider bites!
 In what direction? b
 The spell misses the giant spider.
 The large dog misses the giant spider.
 The giant spider bites!
 The giant spider bites!
 The giant spider's bite was poisoned!
 The large dog bites the giant spider.
 The giant spider bites!
 You die...
 Do you want your possessions identified? [ynq] (y) q

Inventory:
 Coins    ('$')
  $ - 331 gold pieces
 Weapons  (')')
  E - a +0 dagger
  a - a blessed +1 quarterstaff (weapon in hands)
 Armor    ('[')
  u - an uncursed +0 orcish helm (being worn)
  b - an uncursed +0 cloak of magic resistance (being worn)
 Comestibles  ('%')
  H - an uncursed slime mold
  p - 2 uncursed food rations
 Scrolls  ('?')
  i - 2 uncursed scrolls of enchant armor
  j - an uncursed scroll of food detection
  N - an uncursed scroll of punishment
  k - a blessed scroll of remove curse
 Spellbooks  ('+')
  m - an uncursed spellbook of clairvoyance
  r - an uncursed spellbook of detect monsters
  l - a blessed spellbook of force bolt
  y - an uncursed spellbook of force bolt
  h - an uncursed spellbook of haste self
  F - an uncursed spellbook of healing
  A - an uncursed spellbook of light
  x - an uncursed spellbook of remove curse
 Potions  ('!')
  g - 2 uncursed potions of extra healing
  v - a blessed potion of fruit juice
  f - 2 uncursed potions of water
 Rings    ('=')
  I - an uncursed +1 ring of adornment
  e - an uncursed ring of slow digestion (on right hand)
 Wands    ('/')
  K - a wand of light (0:11)
  M - a wand of magic missile (0:6)
  L - a wand of magic missile (0:5)
  B - a cursed wand of make invisible (0:4)
  c - a wand of teleportation (0:8)
  z - a wand of teleportation (0:7)
  w - a wand of teleportation (0:5)
 Tools    ('(')
  o - an uncursed wooden flute
  n - a magic marker (0:20)

IanCurtis the Wizard's attributes:

Background:
 You were a Thaumaturge, a level 6 male elven Wizard.
 You were chaotic, nominally on a mission for Anhur
 who was opposed by Ptah (lawful) and Thoth (neutral).
 You were right-handed.
 You were in the Dungeons of Doom, on level 9.
 You entered the dungeon 2824 turns ago.
 It was nighttime.
 You had 528 experience points, 112 more were needed to attain level 7.

Basics:
 You had 0 out of 52 hit points.
 You had 36 out of 58 energy points (spell power).
 Your armor class was 8.
 Your wallet contained 331 zorkmids.
 Autopickup was off.

Final Characteristics:
 Your strength was 11 (limit:18).
 Your dexterity was 13 (limit:18).
 Your constitution was 16 (limit:16).
 Your intelligence was 18 (limit:20).
 Your wisdom was 10 (limit:20).
 Your charisma was 10 (limit:18).

Final Status:
 You weren't hungry.
 You were unencumbered.
 You were wielding a quarterstaff.
 You had basic skill with quarterstaff.

Final Attributes:
 You were piously aligned.
 You were magic-protected.
 You were sleep resistant.
 You had infravision.
 You had slower digestion.
 You were warded.
 You were fast.
 You are dead.

Miscellaneous:
 You encountered 2 bones levels.
 Total elapsed playing time was 48 minutes and 33 seconds.

Major events:
 Turn
    1: IanCurtis the chaotic male elven Wizard entered the dungeon
 1308: attained the rank of Conjurer (level 3)
 2083: attained the rank of Thaumaturge (level 6)
 2824: killed by a giant spider

Spells:
 Name                 Level Category     Fail Retention
 force bolt             1   attack         0%   81%-90%
 clairvoyance           3   divination    80%  76%-100%
 detect monsters        1   divination     0%  76%-100%

Skills:
 Fighting Skills
   bare handed combat [Unskilled]
   riding             [Unskilled]
 Weapon Skills
   dagger             [Unskilled]
   knife              [Unskilled]
   axe                [Unskilled]
   short sword        [Unskilled]
   club               [Unskilled]
   mace               [Unskilled]
   quarterstaff       [Basic]
   polearms           [Unskilled]
   spear              [Unskilled]
   trident            [Unskilled]
   sling              [Unskilled]
   dart               [Unskilled]
   shuriken           [Unskilled]
 Spellcasting Skills
   attack spells      [Basic]
   healing spells     [Unskilled]
   divination spells  [Unskilled]
   enchantment spells [Basic]
   clerical spells    [Unskilled]
   escape spells      [Unskilled]
   matter spells      [Unskilled]

Voluntary challenges:
 Character rerolling was not enabled.
 You were an atheist.
 You never genocided any monsters.
 You never polymorphed an object.
 You never changed form.
 You used no wishes.
Achievements:
 You entered a shop.
 You attained the rank of Conjurer.
 You attained the rank of Thaumaturge.

 The Dungeons of Doom: levels 1 to 10
    Level 1:
    Level 2: "vault"
       A food shop, some fountains, a grave.
    Level 3:
    Level 4:
       An armor shop.
    Level 5: "bones"
       An armor shop, a fountain, a sink.
       Final resting place for
          ThermoNuclear-Wiz-Elf-Fem-Cha, killed by a little dog.
    Level 6: "bones"
       Many fountains.
       Final resting place for
          ironrat-Wiz-Hum-Mal-Neu, killed by a gray ooze.
    Level 9: <- You were here.
       Final resting place for
          you, killed by a giant spider.
    Level 10:


Vanquished creatures:
  a ghost
  a giant beetle
  a scorpion
  a lizard
  a plains centaur
  a rock mole
  a gray ooze
  a little dog
  a kitten
  2 dwarves
 10 hill orcs
  a rothe
  4 giant bats
  4 orc zombies
 an iguana
  2 cave spiders
  4 garter snakes
  9 jackals
  2 kobolds
  a goblin
  3 sewer rats
  3 grid bugs
  a bat
  2 lichens
  2 newts
60 creatures vanquished.

No species were genocided or became extinct.

Game over:
                       ----------
                      /          \
                     /    REST    \
                    /      IN      \
                   /     PEACE      \
                  /                  \
                  |    IanCurtis     |
                  |      331 Au      |
                  |   killed by a    |
                  |   giant spider   |
                  |                  |
                  |                  |
                  |       2026       |
                 *|     *  *  *      | *
        _________)/\\_//(\/(/\)/\//\/|_)_______

Goodbye IanCurtis the Wizard...

You died in The Dungeons of Doom on dungeon level 9 with 2870 points,
and 331 pieces of gold, after 2824 moves.
You were level 6 with a maximum of 52 hit points when you died.

